[Event "Lake Sevan"]
[Site "Martuni"]
[Date "2016.07.22"]
[Round "5"]
[White "Artemiev, Vladislav"]
[Black "Gabuzyan, Hovhannes"]
[Result "1-0"]
[ECO "B38"]
[WhiteElo "2653"]
[BlackElo "2607"]
[Annotator "Baldauf,M"]
[PlyCount "95"]
[EventDate "2016.07.18"]
[EventType "tourn"]
[EventRounds "9"]
[EventCountry "ARM"]
[EventCategory "16"]
[SourceTitle "CBM 174"]
[Source "ChessBase"]
[SourceDate "2016.09.13"]
[SourceVersion "1"]
[SourceVersionDate "2016.09.13"]
[SourceQuality "1"]
[TimeControl "6000+825"]
[WhiteClock "0:27:05"]
[BlackClock "1:07:00"]

1. Nf3 c5 2. c4 g6 3. e4 Bg7 4. d4 cxd4 5. Nxd4 Nc6 6. Be3 Nf6 7. Nc3 O-O 8.
Be2 d6 9. O-O Bd7 10. Qd2 Nxd4 11. Bxd4 Bc6 12. f3 Nd7 13. Be3 a5 14. b3 Nc5
15. Rab1 Qb6 16. Rfc1 Rfc8 17. Rc2 Be5 $5 {Diagramm [#] deckt vorsorglich den
Bauern d6, der nach folgendem e6 die Schwäche im schwarzen Lager darstellt.
Zudem zielt er auf den weißen Königsflügel, wo er in Verbindung mit einer
Umgruppierung der Db6 für Ärger sorgen kann. Der Le5 steht stabiler als auf
den ersten Blick ersichtlich, da aufgrund der Konstellation Lc6/Sc5 weißes f4
nur in sehr seltenen Fällen möglich ist.} (17... Qd8 {ist mit 353 Partien in
der MegaBase 2016 der Hauptzug}) 18. Nd5 $5 (18. f4 $2 Bxc3 19. Qxc3 Bxe4 $19)
(18. Kh1 e6 19. Nb5 Qd8 20. Rd1 Qh4 21. Bg1 Rd8 $11) 18... Qd8 19. Bg5 $5 {
erzwingt f6, wonach der schwarzen Dame der natürliche Weg zum Angriff
versperrt ist.} f6 20. Bh4 e6 21. Nc3 g5 22. Bg3 {Weiß hat in den letzten
Zügen einige Tempo verloren, doch nun ist die Schwäche d6 fixiert. Zudem ist
nicht vollständig klar, ob der Vorstoß f6-g5-h5 der schwarzen Stellung nicht
eher Halt nimmt.} h5 23. Qe3 Qe7 24. a3 a4 (24... h4 25. Bxe5 dxe5 (25... fxe5
$6 26. b4 axb4 27. axb4 Na4 28. Nxa4 Bxa4 29. Rd2 $16 ) 26. b4
axb4 27. axb4 Na4 28. c5 $1 $14) 25. b4 Nb3 {Diagramm [#]} 26. Qd3 (26. Bxe5
fxe5 ) 26... Nd4 (26... h4 27. Bf2 Be8 $13 {gefällt mir besser
als den Springer auf e2 zu tauschen}) 27. Rcc1 h4 28. Bf2 Nxe2+ 29. Nxe2 {
ohne den Störenfried auf b3 spielt sich die weiße Stellung zumindest einfacher}
Be8 30. Bd4 Rc7 31. Rc3 Rac8 32. Rbc1 Bf7 33. R3c2 Kg7 34. Rc3 Bg6 35. Qe3 Bf4
$2 {möchte zu viel} (35... Bf7) 36. Nxf4 gxf4 37. Qf2 h3 38. Bb6 Rd7 39. Qh4 {
die schwarze Stellung wird nun wacklig, die Befreeiung des Lg6 funktioniert
nicht wie erwünscht} d5 $2 (39... hxg2 40. R3c2 $14 ) 40. cxd5
Rxc3 41. Rxc3 exd5 42. Rc8 {Artemiev setzt zum Mattangriff an} Be8 43. Qg4+ Kh7
44. Qxh3+ Kg7 45. Qg4+ Kh7 46. Qf5+ Kg7 47. Bc5 Qf7 48. e5 1-0

[Event "World U20-ch22"]
[Site "Belfort"]
[Date "1983.08.12"]
[Round "1"]
[White "Stohl, Igor"]
[Black "Trindade, Sandro Heleno"]
[Result "1-0"]
[ECO "B38"]
[WhiteElo "2335"]
[BlackElo "2320"]
[Annotator "Bulletin/Primel,D"]
[PlyCount "53"]
[EventDate "1983.08.12"]
[EventType "swiss"]
[EventRounds "13"]
[EventCountry "FRA"]
[SourceTitle "EXT 2015"]
[Source "ChessBase"]
[SourceDate "2014.11.20"]
[SourceVersion "1"]
[SourceVersionDate "2014.11.20"]
[SourceQuality "1"]
[TimeControl "40/9000:16/5400:0"]

1. Nf3 g6 2. c4 Bg7 3. d4 c5 4. e4 d6 (4... cxd4 5. Nxd4 Nc6 6. Be3 (6. Nb3 a5
7. a4 d6 8. Be2 Nh6 9. O-O O-O 10. Nc3 f5 11. h4 f4 12. Nd5 Be5 13. g3 Bh3 14.
Re1 fxg3 $1 15. fxg3 Bxg3 16. Bxh6 Rf2 $132 {Diemer}) 6... Nh6 $5 {retardant
la poussée d6} 7. Be2 f5 8. Nc3 fxe4 9. Nxe4 Qa5+ 10. Nc3 Nf5 11. Nxf5 Qxf5) 5.
Nc3 cxd4 6. Nxd4 Nc6 7. Be3 Nh6 $5 {[%cal Gh6g4,Gf7f5,Gc6d4] Une ligne
secondaire agressive concue par le théoricien Simaguine} (7... Nf6 {La grande
ligne} 8. Be2 O-O 9. O-O Bd7 10. Qd2 (10. Nc2 Qa5 11. a3 Rfc8 12. f4 Be6 13.
Rc1 (13. b4 Qd8) 13... Qd8 14. f5 Bd7 15. Nb4 Ne5 (15... Nxb4 16. axb4 Bc6 17.
b5 Bxe4 18. Nxe4 Nxe4 19. fxg6 hxg6 20. Rxf7 $1 Kxf7 21. Qd5+ e6 22. Qxb7+ Rc7
23. Qxe4 Bxb2 (23... Kg8) 24. Rf1+ $40) 16. b3 {Khalifman}) 10... Nxd4 11. Bxd4
Bc6 12. f3 Nd7 13. Be3 a5 14. b3 Nc5 (14... f5 15. exf5 gxf5 16. f4) 15. Rab1
Qb6 (15... e6 16. Rfd1 Be5 ) 16. Rfc1 Rfc8 17. Rc2 Qd8 18. Bf1 h5
) 8. Be2 (8. f3 $5 f5 9. Qd2 Nf7 10. exf5 gxf5 11. f4 $14 {[%csl Rf7] ;
O'Kelly de Galway,A-Donner,J Dublin 1956 (6) 1/2-1/2}) (8. h3 f5 9. exf5 Nxf5 10. Nxf5 Bxf5 11. Rc1 (11. Qd2)) 8... f5 {L'idée de
la variante Nh6} (8... O-O 9. Qd2 Ng4 10. Bxg4 Bxg4 11. O-O a6 12. f4 $36 ) 9. exf5 gxf5 $6 (9... Nxf5 $142 10. Nxf5 Bxf5 {
Liebert,H (2400)-Byrne,R (2560) Lugano ol (Men) fin-A 1968 (13) 1/2-1/2}) 10.
Nxc6 $2 $146 (10. Bh5+ $1 {Plus simple pour réfuter l'ordre de coups des Noirs}
Nf7 11. Bxf7+ Kxf7 12. Qh5+ Kf8 13. Nxf5 $40 Bxc3+ $6 14. bxc3 Bxf5 15. Qxf5+ (
15. Bh6+ $1 Kg8 16. Qxf5 Qe8 17. O-O Qg6 18. Qh3 $18 ) 15...
Ke8 16. O-O Qa5 17. c5 Rd8 18. Qh5+ Kd7 19. Qg4+ Kc7 20. cxd6+ exd6 21. c4 Rhg8
22. Qe2 Qf5 23. Kh1 Rde8 24. Rfd1 Re6 25. Qd3 Qg4 26. Qxh7+ Re7 27. Qh3 Qe4 28.
Qf3 Qxf3 29. gxf3 Rf7 30. f4 b6 31. Rd5 Rh8 32. Kg2 Na5 33. Rc1 Rfh7 34. Rg5
Rxh2+ 35. Kf3 Kc6 36. c5 R8h3+ 37. Ke2 dxc5 38. Bxc5 Rh1 39. Rc2 Kb5 {
Sofrevski,J (2410)-Rajkovic,D (2410) Skopje 1971 1-0}) 10... bxc6 11. Bf3 (11.
Bh5+ {Trop tard!} Nf7 12. Bxf7+ Kxf7 13. Qh5+ Kf8 14. Bh6 Rg8
15. O-O Qe8 $132) 11... Bd7 12. Bxh6 $5 Bxh6 13. Bxc6 $1 Bxc6 14. Qh5+ Kd7 15.
Qxh6 Qg8 (15... Bxg2 $6 16. Rg1 ) 16. Qf4 (16.
O-O-O Qxc4 17. Kb1 Rab8 $132 ) 16... Bxg2 (16... Qxg2 17. Qxf5+
Ke8 18. O-O-O $13 ) 17. Rg1 Qe6+ 18. Kd2 $13 {[%csl Rd2,Rd7]
[%cal Ga1e1] Les deux K sont maintenant trés exposés} Rhg8 19. f3 $1 (19. Rae1 Rg4 $5) 19... Qf6 20. Kc2 (20. Rae1 Rac8 21. Kc2 (21. Qe3 )) 20... Qg5 $6 (20... Qe5 $142 21. Qxe5 dxe5 22. Rae1 Ke6 23. Nd5
Bxf3 (23... Rac8 24. Nf4+) 24. Nc7+ Kf6 25. Nxa8 Rxa8 $44 ) 21.
Qd4 Qh5 $2 22. Rae1 (22. Nd5 Qxf3 (22... Bxf3 23. Rxg8 Rxg8 24. Qxa7+) 23. Rge1
e5 24. Qh4 $40 ) 22... Bxf3 $4 (22... Qxf3 $8 23. Nd5 e5 24.
Qh4 {La position Noire est difficile mais encore jouable}) 23. Rxg8 Rxg8 24.
Qxa7+ Kc6 25. Rxe7 Rg2+ 26. Kb3 Bd1+ 27. Ka3 1-0

[Event "EU-ch 12th"]
[Site "Aix les Bains"]
[Date "2011.03.22"]
[Round "1"]
[White "Navara, David"]
[Black "Colin, Vincent"]
[Result "1/2-1/2"]
[ECO "B38"]
[WhiteElo "2722"]
[BlackElo "2427"]
[Annotator "ChessBase/Primel,D"]
[PlyCount "186"]
[EventDate "2011.03.22"]
[EventType "swiss"]
[EventRounds "11"]
[EventCountry "FRA"]
[SourceTitle "CBM 142 Extra"]
[Source "ChessBase"]
[SourceDate "2011.06.27"]
[SourceVersion "1"]
[SourceVersionDate "2011.06.27"]
[SourceQuality "1"]
[TimeControl "40/5400+30:1800+30"]

1. e4 c5 2. Nf3 Nc6 3. d4 cxd4 4. Nxd4 g6 5. c4 Bg7 6. Be3 Nf6 7. Nc3 d6 8. Be2
{01h32} O-O {01h30} 9. O-O Bd7 {90} 10. Nc2 {Les Blancs ont hésité une dizaine
de minutes dans le choix de la variante} (10. Qd2 {La grande ligne} Nxd4 {
Navara,D (2722)-Popov,I (2613) EU-ch 12th Aix-Les-Bains 2011 (7) 1-0}) (10. Nb3
{Dans le même esprit que la variante Nc2 pour éviter la manoeuvre Nd4, suivi
de Bc6} a5 ) 10... Rc8 11. f3 {а nouveau 15 mns de
réflexion sur cette position} a6 {[%cal Gb7b5,Gd7b5,Gc6e5] 83} 12. Qd2 Ne5 {
La suite logique de la variante a6 visant а réaliser la poussée libératrice b5}
13. Na3 (13. b3 {L'alternative}) 13... Re8 14. h3 {43} (14. Rab1 Qc7 (14... Qa5 15. b4 $1 {Khalifman}) 15. Rfc1 Qa5 16. Rc2 {
1/2-1/2 Bacrot,E (2695)-Gharamian,T (2672)/Belfort 2012/Mega2012 Update 24})
14... Bc6 {70} 15. b4 b6 16. Rac1 Ned7 17. Nc2 Bb7 18. Bf4 Nh5 19. Bh2 Ne5 20.
Ne3 {33} Nc6 {51} 21. f4 Nf6 22. a3 e6 23. Rfd1 d5 24. e5 Ne4 25. Nxe4 {06}
dxe4 {24} 26. Bg3 f6 27. Qe1 Nd4 28. Bh4 g5 29. exf6 Qxf6 30. Bxg5 Qg6 31. Ng4
e5 32. c5 exf4 33. Bxf4 h5 34. Bc4+ Kh7 35. Kh1 bxc5 36. bxc5 e3 37. Bxe3 Bxg2+
38. Kxg2 Qe4+ 39. Kg3 h4+ 40. Kxh4 Nf3+ (40... Bf6+ $1 41. Kg3 Be5+ 42. Nxe5
Qxe5+ 43. Kg2 Qe4+ 44. Kh2 (44. Kg3 Rg8+) 44... Nf3+ {was crushing.}) 41. Kg3
Nxe1 42. Rxe1 Rf8 43. Bf2 Rf3+ 44. Kh2 Qf4+ 45. Kg2 Rf8 46. Rc2 Rxa3 47. Bd5
Kh8 $2 {Perhaps a case of nerves, but the basic principle of exchanging pieces
when ahead was certainly valid here.} (47... Bd4 $1 48. c6 Bxf2 49. Rxf2 Qg3+
50. Kf1 Qxh3+ 51. Bg2 Qd3+ $19) 48. c6 Rc3 49. Rxc3 Bxc3 50. Re3 Qd4 51. Bf3
Qc4 52. Bg3 Rxf3 53. Rxf3 Qxc6 54. Ne5 Qd5 55. Ng6+ Kh7 56. Ne7 Qe4 57. Nf5 a5
58. Bd6 Be1 59. Bg3 Bxg3 (59... Qe2+ 60. Bf2 Bxf2 61. Rxf2 Qe4+ 62. Kg3 a4 {
and it is over.}) 60. Nxg3 Qd5 61. Ne2 a4 62. Nc3 Qd2+ 63. Kg3 a3 64. Rf7+ Kg6
65. Rf6+ Kg7 66. Rf3 Qe1+ 67. Kg2 Kg6 68. Kh2 a2 69.
Nxa2 Qe2+ 70. Kg3 Qxa2 {This position is a tablebase win and ends in a mate
for Black in 39 moves, however there are clearly fortress ideas present, and
Black has to navigate it carefully.} 71. Rf4 Qa3+ 72. Kg2 Kg5 73. Rg4+ Kf5 $4
$138 {Alas! This blunder allows White to escape.} ({Black had to play} 73...
Kh5 {or Kh6. For example} 74. Kh2 Qf3 75. Rg3 Qe2+ 76. Rg2 Qe5+ 77. Kg1 (77.
Rg3 $2 Kh4) 77... Kh4 {and the h-pawn is lost, after which it becomes a
classic N+R vs N+Q win.}) 74. Kh2 Qb2+ 75. Kg1 Qe2 76. Kh1 Qf2 77. Rg2 Qe1+ 78.
Rg1 Qe4+ 79. Kh2 Qc2+ 80. Rg2 Qc7+ 81. Kh1 Kf4 82. Kh2 {Une nouvelle erreur
des plateaux DGT qui n'ont pas sauvegardé la fin de la partie} Kf3+ 83. Kh1
Qc1+ 84. Kh2 Qe1 85. Rg1 Qe2+ 86. Kh1 {les deux adversaires avaient moins de
05 mns en phase KO pour terminer mais la forteresse de Vincent va tenir.} Qe4
$1 87. Rg2 Qe5 88. Kg1 Qe1+ 89. Kh2 Qh4 90. Rg4 Qf2+ 91.
Kh1 Qe1+ 92. Kh2 Qe5+ 93. Kh1 Qe1+ {Une belle performance pour le français
face а un Top GMI même s'il a probablement raté le gain.} 1/2-1/2

[Event "EU-ch 12th"]
[Site "Aix les Bains"]
[Date "2011.03.28"]
[Round "7"]
[White "Navara, David"]
[Black "Popov, Ivan1"]
[Result "1-0"]
[ECO "B38"]
[WhiteElo "2722"]
[BlackElo "2613"]
[Annotator "Marchand,A/Primel,D"]
[PlyCount "83"]
[EventDate "2011.03.22"]
[EventType "swiss"]
[EventRounds "11"]
[EventCountry "FRA"]
[SourceTitle "CBM 142 Extra"]
[Source "ChessBase"]
[SourceDate "2011.06.27"]
[SourceVersion "1"]
[SourceVersionDate "2011.06.27"]
[SourceQuality "1"]
[TimeControl "40/5400+30:1800+30"]

1. c4 c5 2. Nf3 g6 3. e4 Bg7 4. d4 cxd4 5. Nxd4 Nc6 6. Be3 Nf6 7. Nc3 d6 (7...
O-O 8. Be2 b6 (8... d6 {Retombe sur la partie}) 9. O-O Bb7 10. f3 e6 11. Qd2 d5 12. Nxc6 Bxc6 13. cxd5 exd5 14. e5 Ne8 15. f4
$14) 8. Be2 O-O 9. O-O {92} Nxd4 {86} (9... Bd7 {[%cal Gc6d4,Gd7c6] La grande
ligne mais dans cet ordre de coups, les Blancs ont l'option supplémentaire de
replier le N comme dans la première partie} 10. Nb3 $5 (10. Nc2 $5
{[%csl Rd7];Navara,D (2722)-Colin,V (2427) EU-ch 12th Aix-Les-Bains 2011 (1) 1/
2}) (10. Qd2 Nxd4 11. Bxd4 Bc6 12. f3 Nd7 (12... a5 13. b3 Nd7 14. Be3 (14. Bf2
Nc5 15. Rab1 Qb6 16. Rfc1 Rfc8 17. Bd1 (17. Rc2 Qd8 18. Nb5 Qf8 19. Be3 {Hernandez,G (2555)-Shchekachev,A (2500) Ibercaja op-A 1996 (7) 1/2})
17... Qb4 18. Qc2 a4 $132 {Tunik,G (2505)-Savchenko,B (2484) RUS Cup Qualifier
5 blitz 2004 1/2}) 14... Nc5 15. Rab1 Qb6 16. Rfc1 Rfc8 (16... Qb4 17. Rc2 Rfc8
18. Qc1 $14) 17. Rc2 Qd8 18. Bf1 h5 19. Nd5 Kh7 20. Bg5 $1 Bxd5 21. exd5 Qf8 22. Re1 $14 {Fridman,D (2577)-Felgaer,R (2509)
Monarch Assurance 11th 2002 (8) 1-0}) 13. Be3 Nc5 14. Rab1 )) (
9... Nd7 10. Qd2 Nxd4 (10... Nc5 $142) 11. Bxd4 Bxd4 12. Qxd4 Qb6 13. Qd2 $1 {
Comme les Blancs n'ont pas encore joué la poussée f3, l'échange des Q peut
être évité et l'aile-roi des Noirs est assez affaiblie} Nf6 14. Nd5 $5 {
Donne une finale agréable а jouer pour les Blancs} (14. Kh1 Be6
15. f4 $1 Qc5 16. b3 Kh8 17. Qb2 {[%cal Gb2h8,Gc3d5];Seps,M 
(2143)-Partos,C (2328) SUI-chT Switzerland 2005 (2.8) 1-0} (17. f5 gxf5 18.
exf5 Bxf5 19. Nd5 $44)) 14... Nxd5 15. exd5 $1 (15. cxd5 $6 Bd7
$11 ) 15... e5 16. dxe6 Bxe6 17. b3 (17. Rac1 Rfd8 18. b3 Rac8 (
18... a5 $142 ) 19. Bf3 Rd7 20. Rfd1 Rcd8 21. h4 $36 Qc5 (21... d5 $2 22. c5 $16 ) 22. h5 $16 {Primel,D-Mercier,J (1945) 44 ch Aigrefeuille 2011
1-0} (22. Bd5 $142 )) (17. Rfd1 Rfd8 18. Rac1 a5 $1 {Ogaard,L 
(2460)-Maciejewski,A (2380) Lublin 1975 (1) 1/2}) 17... Rfd8 18. Bf3 $16 ) 10. Bxd4 Nd7 {Un peu douteux} (10... Be6 {Plus courant mais les
Blancs ont l'initiative sur cette ligne} 11. Qd2 (11. f4 Qc8 $6 (
11... Qa5) 12. Rc1 $1 {[%csl Rc8][%cal Gc3d5] Plus actif que b3 qui aurait
justifié le coup Qc8} (12. b3 {Panno,O-Najdorf,M Buenos Aires 1968 (4) 1/2})
12... a6 13. f5 $1 Bd7 (13... gxf5 $6 14. exf5 Bxf5 15. Nd5 Nxd5
16. cxd5 Bxd4+ 17. Qxd4 Qd7 18. Rc3 Bg6 19. h4 e5
20. dxe6 fxe6 21. Rd1 Rac8 (21... d5 22. h5 Be4 23. Rg3+) 22. Rg3 (22. h5 Rxc3 23. Qxc3 Be4) 22... e5 23. Qe3 (23. Qxe5) 23...
Kh8 24. Qh6 (24. h5) 24... Bf5 25. Rxd6 $36) 14. Nd5
Nxd5 15. cxd5 $16 {[%csl Rc8] Exploitant la position douteuse de la Q noire})
11... Qa5 12. Rad1 Rfc8 13. b3 a6 14. f4 $1 (14. Bxf6 Bxf6 15.
Nd5 $14)) (10... Bd7 $142 {Retombe sur la grande ligne} 11. Qd2 Bc6) 11. Bxg7
$5 {Sur la grande ligne, l'échange des B de cases noires est plutôt dans
l'intérêt des Noirs car la finale avec le mauvais Be2 n'est pas trés favorable
aux Blancs mais la différence dans cette ligne est le fait que les Blancs
n'ont pas encore joué le coup f2f3} Kxg7 12. Qd4+ $1 {77 En ayant retardé la
poussée f2f3, non seulement le Be2 est moins mauvais mais les Noirs n'ont plus
l'option Qb6 échangeant les Q et le K noir est plutôt en insécurité} (12. Qd2
$143) 12... f6 {78} (12... Kg8 13. Rad1 Re8 14. Nd5 (14.
Kh1 )) 13. Rad1 $1 {71} (13. Rfd1 $143 {Il est moins logique de
jouer l'autre R car le plan des Blancs est plutôt d'attaquer а l'aile-roi} a5
14. b3 Nc5 15. Rab1 Be6 {Adams,M (2655)-Young,A (2435) New York op Newark 1995
(5) 1-0}) 13... Qb6 $6 $146 {58 Une nouveauté probablement trouvée devant
l'échiquier car les Noirs ont dépensé 20 mns sur cette réponse. Comme les
Noirs ne peuvent pas échanger les Q en l'absence d'affaiblissement de la
diagonale "a7g1", ce coup Qb6 ne sert pas а grand-chose et après Nd5, la Q
sera mal placée.} ({RR} 13... b6 14. f4 Bb7 15. Bg4 Nc5 16. b4 Na6 17. a3 Nc7
18. Rfe1 h5 19. Bh3 Bc8 20. Re3 Ne6 21. Qd5 Nc7 22. Qd3 Bxh3 23. Rxh3 Qe8 24.
Rg3 (24. Qe2 Rc8 (24... Ne6 25. Nd5) (24... Rh8 25. e5 dxe5 26.
fxe5 $40) 25. f5 $40 ) 24... Qf7 25. h4 Rg8 26. Rf1 Rac8 27. f5
Kf8 28. e5 $1 {Polak,T (2525)-Piven,I (2380)/Schwarzach 1998/EXT 2000/1/2-1/2 
(54)}) (13... Qa5 {Petrosian,T-Tatai,S Venice 1967 (5) 1-0}) (13... Nc5 14. b4
$1 Ne6 15. Qd2 $16) 14. Qd2 $8 Nc5 15. Nd5 $1 $36 {[%csl Rb6,Re7][%cal Gb2b4]
67} Qd8 16. Qe3 e5 $6 {[%csl Rd6][%cal Gc5e6,Ge6d4] Optimiste} (
16... e6 $6 17. Nc3 ) 17. Nc3 {[%csl Rd6] Il va manquer un tempo
aux Noirs pour jouer Ne6d4} (17. f4 $143 $6 exf4 18. Rxf4 Be6 (18... Ne6 19.
Rf2 ) 19. b4 (19. Rdf1) 19... Nd7 20. Rh4 g5 21. Rh5
Ne5) 17... Ne6 18. Nb5 $1 {[%csl Rd6] "Statisme contre dynamisme" dirait
iossif mais le problème des Noirs est qu'il n'y a pas beaucoup de dynamisme
dans la position noire!} Bd7 19. Rxd6 Qe7 20. Bg4 $1 {[%csl Re6][%cal Gg4e6]
Un coup intermédiaire qui a probablement été oublié par les Noirs lorsqu'ils
ont joué le coup compromettant e7e5} (20. Qa3 $5 ) 20... Rfd8 21.
Bxe6 {44} Bxe6 {26} 22. Rxd8 Rxd8 23. b3 a6 24. Nc3 Rd4 25. Nd5
Bxd5 26. cxd5 {[%csl Gd5] Malgré le matériel réduit, le P passé protégé donne
des bonnes chances aux Blancs.} f5 27. f3 Qc5 28. exf5 {32} (28.
Qf2 fxe4 29. fxe4 ) 28... Rxd5 {15} 29. Qxc5 Rxc5 30. fxg6
hxg6 31. Rd1 Rc7 32. a4 (32. h4 $5 )
32... Kf6 33. Rd6+ Kf5 34. Kf2 Rc2+ 35. Kg3 {17} Rc7 {01} 36. h4 Rh7 37. Rb6 (
37. Kh3 $5 g5 38. g4+ Kf4 39. Rf6+ Ke3 40. h5 e4 41. fxe4 Kxe4 42.
Rb6 (42. Rf5 $2 Rxh5+) (42. a5)) 37... g5 38. hxg5 Kxg5 39. Kf2 e4 40. fxe4 Kf4
41. Re6 Rf7 42. a5 1-0

[Event "EU-ch 12th"]
[Site "Aix les Bains"]
[Date "2011.04.01"]
[Round "10"]
[White "Pelletier, Yannick"]
[Black "Bologan, Viktor"]
[Result "0-1"]
[ECO "B38"]
[WhiteElo "2593"]
[BlackElo "2671"]
[Annotator "Marchand,A/Primel,D"]
[PlyCount "62"]
[EventDate "2011.03.22"]
[EventType "swiss"]
[EventRounds "11"]
[EventCountry "FRA"]
[SourceTitle "CBM 142 Extra"]
[Source "ChessBase"]
[SourceDate "2011.06.27"]
[SourceVersion "1"]
[SourceVersionDate "2011.06.27"]
[SourceQuality "1"]
[TimeControl "40/5400+30:1800+30"]

1. Nf3 c5 2. c4 Nc6 3. d4 cxd4 4. Nxd4 g6 5. e4 Bg7 6. Be3 Nf6 7. Nc3 d6 8. Be2
O-O 9. O-O Bd7 (9... Nxd4 $5 {[%cal Gc8d7,Gd7c6] Evite la variante Nb3}) (9...
Ng4 $4 {Un coup naturel qui est une gaffe qui a fait chuter beaucoup de joueurs
} 10. Bxg4 Bxg4 11. Nxc6 Bxd1 12. Nxd8 $18 {[%cal Gd8b7] Les Blancs gagnent
une pièce. Le plus étonnant n'est pas tellement le nombre de joueurs parfois
forts qui sont tombés dans ce piège mais plutôt que sur la soixantaine de
parties dans les bases, les Blancs font ... 100%! En général dans les parties
а gaffe, il y a parfois des retournements de situation avec des nulles sauvées
voire des gains miraculeux mais pas dans cette variante.}) 10. Nb3 $5 {[%csl
Rd7] La même idée que Nc2, les Blancs gardent l'avantage d'espace en évitant
les échanges} (10. Nc2) (10. Qd2 {La grande ligne}) 10... a5 $1 {[%csl Rb3]
Nb3 ne présente pas que des avantages...} 11. Rc1 (11. Nd2 $142 Ne5 12. f3 (12.
h3 Bc6 13. f4 Ned7 14. Bf3 $14 {Salgado Lopez,I (2626)
-Roganovic,M (2476) Wch U20 50th 2011 (10) 0-1}) 12... Bc6 13. Rc1 a4 {
Pelletier,Y (2583)-Troyke,C (2371) Zuerich op-A 34th 2010 (4) 1-0}) 11... a4
12. Nd2 {84} a3 $1 {[%csl Gb4] 78} 13. b3 Nb4 $132 14. f3 Bc6 $146
({RR} 14... Qa5 15. Ndb1 Rfc8 16. Rf2 Bc6 17. Bf1 Nd7 18. Qe1 Nc5 19. Rd1 Nxb3
20. axb3 a2 21. Nxa2 Nxa2 22. Qxa5 Rxa5 23. Bd2 Raa8 24. Be1 Bh6 25. Bd2 Bg7
26. Be1 Bh6 27. Bd2 Bg7 {1/2-1/2 Likavsky,T (2498)-Bezold,M (2509)/Austria 2009
}) 15. Ndb1 {[%cal Gd1d2,Gc3d5] 75} Nd7 {62} 16. Kh1 {58} Qa5 {100} 17. Bd2 Qb6
18. Qe1 {45 Les Blancs manquent de contre-jeu} e6 {57} 19. Na4 {30 le signe
que l'ouverture a mal tourné pour les Blancs} Rxa4 {52} 20. bxa4 {31} Nxa2 {
[%csl Ga3] 52} 21. Rd1 Bxa4 22. Ba5 {25} Qc5 {32} 23. Rd3 Bc2 24. Rxa3 Bxb1 25.
Rb3 {07} Bc2 {25} 26. Rxb7 Ba4 $19 27. Qd2 Ra8 28. Bc7 Qc6 29. Rfb1 Nc3 30.
R1b4 Nxe2 31. Qxe2 Bb5 0-1